 Dungeon Crawl Stone Soup version 0.29-a0-719-g0fec994a2d (webtiles) character file.

Game seed: 555422443612665048

49 Conn the Firebug (level 3, -2/21 HPs)
             Began as an Octopode Fire Elementalist on June 27, 2022.
             Slain by Grinder (8 damage)
             ... while paralysed by Grinder
             ... on level 3 of the Dungeon.
             The game lasted 00:05:35 (2530 turns).

Conn the Firebug (Octopode Fire Elementalist)       Turns: 2530, Time: 00:05:36

Health: -2/21      AC:  1    Str:  7    XL:     3   Next: 75%
Magic:  0/6        EV:  2    Int: 19    God:
Gold:   57         SH:  0    Dex: 12    Spells: 0/6 levels left

rFire   . . .      SeeInvis .   o - +3 dagger
rCold   . . .      Faith    .   (no shield)
rNeg    . . .      Spirit   .   (helmet restricted)
rPois   .          Reflect  .   (no amulet)
rElec   .          Harm     .   (no ring)
rCorr   .          Rampage  .   (no ring)
Will    .....                   (no ring)
Stlth   +++.......              (no ring)
HPRegen 0.07/turn               (no ring)
MPRegen 0.10/turn               (no ring)
                                (no ring)
                                (no ring)

@: paralysed
A: almost no armour, amphibious, 8 rings, camouflage 1, gelatinous body 1,
(nimble swimmer 1), tentacles
a: no special abilities


You were on level 3 of the Dungeon.
You visited 1 branch of the dungeon, and saw 3 of its levels.

You collected 57 gold pieces.

Inventory:

Hand Weapons
 b - a +0 dagger
 o - a +3 dagger (weapon)
Armour
 g - a +0 buckler
Scrolls
 c - a scroll of fog {unknown}
 e - a scroll of magic mapping {unknown}
 h - a scroll of noise {unknown}
 j - a scroll of fear {unknown}
 l - a scroll of teleportation
Potions
 a - a potion of magic
 d - 2 potions of ambrosia
 i - a potion of lignification
 k - a potion of attraction
 m - a potion of curing
 n - a potion of degeneration {unknown}


   Skills:
 + Level 0.4 Short Blades
 + Level 2.2 Dodging
 + Level 3.1 Stealth
 + Level 2.3 Spellcasting
 + Level 1.4 Conjurations
 + Level 3.7 Fire Magic


You couldn't memorise any spells.
You knew the following spells:

 Your Spells              Type           Power      Damage    Failure   Level
a - Foxfire               Conj/Fire      48%        2x1d6     5%          1
b - Conjure Flame         Conj/Fire      12%        6-21      17%         3
e - Scorch                Fire           32%        2d6       5%          2

Your spell library contained the following spells:

 Spells                   Type           Power      Damage    Failure   Level
 Inner Flame              Hex/Fire       9%         N/A       22%         3
 Flame Wave               Conj/Fire      12%        2d6       50%         4
 Corpse Rot               Necr/Pois/Air  2%         N/A       85%         4
 Dispel Undead            Necr           2%         3d7       85%         4
 Freezing Cloud           Conj/Ice/Air   2%         6-21      98%         5
 Death Channel            Necr           1%         N/A       100%        6
 Simulacrum               Ice/Necr       1%         N/A       100%        6
 Polar Vortex             Ice            1%         N/A       100%        9


Dungeon Overview and Level Annotations

Branches:
Dungeon (3/15)

Altars:

Shops:
D:1 *

Annotations:
D:3 Grinder


Innate Abilities, Weirdness & Mutations

You cannot wear most types of armour.
You are amphibious.
You can wear up to eight rings at the same time.
Your skin changes colour to match your surroundings (Stealth+).
Your rubbery body absorbs attacks. (AC +1, EV +1)
((You are camouflaged when in or above water. (Stealth+)))
You have tentacles for arms and can constrict up to eight enemies at once.


Message History

You conjure some foxfire!
Unknown command.
Casting: Foxfire (safe; 5% risk of failure)
Confirm with . or Enter, or press ? or * to list all spells.
You conjure some foxfire!
Your foxfire dissipates!
Unknown command.
Casting: Foxfire (safe; 5% risk of failure)
Confirm with . or Enter, or press ? or * to list all spells.
You conjure some foxfire!
Unknown command.
Casting: Foxfire (safe; 5% risk of failure)
Confirm with . or Enter, or press ? or * to list all spells.
You don't have enough magic to cast this spell.
Your foxfire dissipates!
Your foxfire dissipates!
Grinder blinks!
You hear the brisk rusting of a very distant drain.
Grinder is nearby!
Grinder blinks!
HP restored.
Grinder is nearby!
Casting: Foxfire (safe; 5% risk of failure)
Confirm with . or Enter, or press ? or * to list all spells.
Flames lash Grinder.
Grinder is lightly wounded.
Grinder's fire resistance burns away.
Casting: Scorch (safe; 5% risk of failure)
Confirm with . or Enter, or press ? or * to list all spells.
Flames lash Grinder.
Grinder is burned terribly!
Grinder is moderately wounded.
Grinder says, "Are you a fish?" Grinder gestures at you.
You suddenly lose the ability to move!
Grinder gestures at you. Pain shoots through your body! Grinder hits you!
You writhe in agony.
* * * LOW HITPOINT WARNING * * *
Grinder hits you!
You die...

#.#....#.#)..#
#........#####
######.#.#
#.#.# ..#.#
#######ยง#
#.......#
#5####### #@#
#.## #..# #..#
##.# ..# ###


You could see Grinder (combustible).

Vanquished Creatures
  An adder (D:2)
  A worm (D:2)
  A dart slug (D:2)
  3 orcs
  A bat (D:1)
  4 endoplasms
  A giant cockroach (D:1)
  4 goblins
  2 hobgoblins (D:1)
  2 kobolds (D:1)
  4 ball pythons
  2 frilled lizards
  4 rats
30 creatures vanquished.

Vanquished Creatures (others)
  93 foxfires
  A plant (D:1)
  11 withered plants (D:1)
105 creatures vanquished.

Grand Total: 135 creatures vanquished

Notes
Turn   | Place    | Note
-------+----------+-------------------------------------------
     0 | D:1      | Conn the Octopode Fire Elementalist began the quest for the
                  | Orb.
     0 | D:1      | Reached XP level 1. HP: 11/11 MP: 3/3
     6 | D:1      | Noticed a polar bear
     7 | D:1      | Noticed a water moccasin
    22 | D:1      | You fall into a shaft and drop 1 floor!
   135 | D:2      | Reached XP level 2. HP: 17/17 MP: 0/5
   713 | D:1      | Reached XP level 3. HP: 21/21 MP: 6/6
  1405 | D:1      | Found Jezxalomm's General Store.
  1819 | D:1      | Learned a level 2 spell: Scorch
  1823 | D:1      | Learned a level 3 spell: Conjure Flame
  1873 | D:1      | Found a faded altar of an unknown god.
  2215 | D:3      | Noticed Grinder
  2527 | D:3      | Paralysed by Grinder for 4 turns
  2530 | D:3      | Slain by Grinder

Illustrated notes

Levels and vault maps discovered:
D:1:      onia_arrival_zoo_common, layout_basic,
          shapermc_ecumenical_altar_flowoftime, serial_shops, nicolae_shop_trees
D:2:      layout_basic, dreamdust_princess_bridge
D:3:      minmay_roachtagon, layout_basic, portal_sewer_entry_f,
          dreamdust_mushroom_princess, uniq_grinder

Skill      XL: |  1 |
---------------+----+-----
Stealth        | 3 |  3.1
Short Blades   | |  0.4
Dodging        | |  2.2
Spellcasting   | |  2.3
Conjurations   | |  1.4
Fire Magic     | |  3.7

Action                   || total
-------------------------++-------
Melee: Dagger            ||    42
       Tentacles         ||    14
       Constrict         ||    17
       Punch             ||     2
 Cast: Foxfire           ||    55
       Scorch            ||     3
       Conjure Flame     ||     1
  Use: Scroll            ||     5
 Stab: Sleeping          ||     4
Armor: Skin              ||     2
Dodge: Dodged            ||    12

Table legend: (Time is in decaauts)
 A = Elapsed time spent in this place.
 B = Non-inter-level travel time spent in this place.
 C = Inter-level travel time spent in this place.
 D = Time resting spent in this place.
 E = Time spent auto-exploring this place.
 F = Levels seen in this place.
 G = Mean time per level.
                   A        B        C        D        E       F      G
               +--------+--------+--------+--------+--------+-----+--------+
         Total |   2528 |   2489 |     39 |    190 |   1805 |   3 |  842.7 |
       Dungeon |   2528 |   2489 |     39 |    190 |   1805 |   3 |  842.7 |
               +--------+--------+--------+--------+--------+-----+--------+

Top non-repeatable levels by time:
     D:1: 1283 daAuts
     D:2: 1150 daAuts
     D:3: 94 daAuts
